 Dungeon Crawl Stone Soup version 0.28.0-49-g6dfe1f597d (webtiles) character file.

Game seed: 9181505433370484393

36 greasedhog the Shield-Bearer (level 3, -2/29 HPs)
             Began as a Formicid Fighter on May 17, 2022.
             Slain by a goblin
             ... wielding a +0 dagger of venom
             ... led by Robin
              (4 damage)
             ... on level 1 of the Dungeon.
             The game lasted 00:01:56 (1739 turns).

greasedhog the Shield-Bearer (Formicid Fighter)     Turns: 1739, Time: 00:01:57

Health: -2/29      AC: 13    Str: 22    XL:     3   Next: 57%
Magic:  3/3        EV:  7    Int:  7    God:
Gold:   25         SH:  5    Dex: 16    Spells: 2/2 levels left

rFire   . . .      SeeInvis +     - Unarmed
rCold   . . .      Faith    .   b - +0 buckler
rNeg    . . .      Spirit   .   f - +0 chain mail
rPois   .          Reflect  .   (helmet unavailable)
rElec   .          Harm     .   (no cloak)
rCorr   .          Rampage  .   (no gloves)
Will    .....                   (no boots)
Stlth   ..........              (no amulet)
HPRegen 0.09/turn               e - +4 ring of protection
MPRegen 0.08/turn               h - +6 ring of dexterity

@: brilliant, lethally poisoned (-2 -> -14)
A: permanent stasis, dig shafts and tunnels, antennae 3, four strong arms
a: Dig, Shaft Self


You were on level 1 of the Dungeon.
You visited 1 branch of the dungeon, and saw 2 of its levels.

You collected 25 gold pieces.

Inventory:

Armour
 b - a +0 buckler (worn)
 f - a +0 chain mail (worn)
Jewellery
 e - a +4 ring of protection (left hand)
 h - a +6 ring of dexterity (right hand)
Scrolls
 g - a scroll of holy word {unknown}
Potions
 c - a potion of might
 d - a potion of curing {unknown}


   Skills:
 - Level 3.2 Fighting
 * Level 4.1 Armour
 * Level 4.4 Shields
 - Level 2.0 Unarmed Combat


You had 2 spell levels left.
You didn't know any spells.
Your spell library was empty.

Dungeon Overview and Level Annotations

Branches:
Dungeon (2/15)

Altars:

Shops:
D:1 [

Annotations:
D:2 Robin


Innate Abilities, Weirdness & Mutations

You cannot be hasted, slowed, berserked, paralysed or teleported.
You can dig through walls and to a lower floor.
You have a pair of large antennae on your head. (SInv)
Your four strong arms can wield two-handed weapons with a shield.


Message History

The goblin unwields a +0 hunting sling.
The goblin wields a +0 club.
The goblin hits you with a +0 club.
You hit the goblin.
The goblin is severely wounded.
You block the goblin's attack.
Robin roars a battlecry!
The goblins go into a battle-frenzy!
The hobgoblin barely misses you.
You barely miss the goblin.
The goblin is severely wounded.
The goblin hits you but does no damage. The goblin barely misses you.
Robin roars a battlecry!
The goblin goes into a battle-frenzy!
The hobgoblin closely misses you.
The goblin unwields a +0 club.
The goblin wields a +0 hunting sling.
The goblin shoots a stone.
The stone hits you. The goblin closely misses you.
The goblin closely misses you. You block the goblin's attack.
There is a stone staircase leading up here.
The goblin hits you with a +0 club.
The goblin hits you with a +0 dagger of venom.
You are poisoned.
You climb upwards.
You feel very sick.
There is a stone staircase leading down here.
You hit the goblin.
The goblin is severely wounded.
You feel sick. The goblin hits you with a +0 club.
* * * LOW HITPOINT WARNING * * *
The goblin hits you with a +0 dagger of venom.
* * * LOW HITPOINT WARNING * * *
You are more poisoned.
It was a potion of brilliance.
You feel clever all of a sudden.
* * * LOW HITPOINT WARNING * * *
You feel very sick. The goblin hits you but does no damage.
The goblin hits you with a +0 dagger of venom.
You die...

#.# #........#
#############.###.######.#
#......................#.#
#.###########..##.####.#.#
#.#.#########......# #.#.#
#.#.........#.########.#.#
#.#.#######.#.# #......#.#
####.#)###.###.#g###........#####
...............g@................
####+#.#.............############
#...............###.# #.........
#..............## #.# #.######.#
##.....#..#.###.####.# #.#.......
.........(#.# #.#....# #.#.####.#
####.#....#†# #.#.#### #.#.####.#
..##.#.#..#.# #.#.######.#......#
..##.#.#..#.# #.#...[............


You could see 2 goblins.

Vanquished Creatures
  3 ball pythons (D:1)
  An endoplasm (D:1)
  2 giant cockroaches (D:1)
  4 goblins (D:2)
  4 hobgoblins
  3 jackals (D:1)
  5 kobolds (D:1)
  A quokka (D:1)
  2 bats (D:1)
  3 frilled lizards (D:1)
  5 rats (D:1)
33 creatures vanquished.

Notes
Turn   | Place    | Note
-------+----------+-------------------------------------------
     0 | D:1      | greasedhog the Formicid Fighter began the quest for the
                  | Orb.
     0 | D:1      | Reached XP level 1. HP: 18/18 MP: 1/1
   257 | D:1      | Reached XP level 2. HP: 13/24 MP: 2/2
   506 | D:1      | Found Dametu Ceij's Antique Armour Emporium.
  1209 | D:1      | Reached XP level 3. HP: 29/29 MP: 3/3
  1721 | D:2      | Noticed Robin
  1739 | D:1      | Slain by a goblin

Illustrated notes

Levels and vault maps discovered:
D:1:      matt_arrival_refuge, layout_basic, serial_shops, nicolae_square_shop,
          kennysheep_pointless_box, minmay_split_cup_large
D:2:      layout_basic, shapermc_ecumenical_altar_pompeii, columned_hall_lemuel,
          uniq_robin

Skill      XL: |  1  2  3 |
---------------+----------+-----
Shields        | 4 |  4.4
Armour         | 4 |  4.1
Fighting       | |  3.2
Unarmed Combat | |  2.0

Action                   || total
-------------------------++-------
Melee: Unarmed           ||   143
  Use: Scroll            ||     1
       Potion            ||     1
Armor: Scale mail        ||    23
       Chain mail        ||    39
Dodge: Dodged            ||    64
Block: Buckler           ||    24
